 Dungeon Crawl Stone Soup version 0.21.1-1-g345015f (webtiles) character file.

6871 inc the Blocker (level 11, -3/67 HPs)
             Began as an Octopode Fighter on June 11, 2018.
             Was an Initiate of Gozag.
             Slain by a blink frog (9 damage)
             ... on level 1 of the Lair of Beasts.
             The game lasted 00:20:04 (11435 turns).

inc the Blocker (Octopode Fighter)                 Turns: 11435, Time: 00:20:05

Health: -3/67      AC:  2    Str: 17    XL:     11   Next: 6%
Magic:  11/11      EV: 13    Int: 13    God:    Gozag
Gold:   1111       SH: 15    Dex: 11    Spells: 7/10 levels left

rFire    . . .     SeeInvis .   t - +2 whip (flame)
rCold    . . .     Gourm    .   b - +0 shield
rNeg     . . .     Faith    .   K - +1 hat {MR+}
rPois    .         Spirit   .   v - +3 amulet of reflection
rElec    .         Reflect  +   (no ring)
rCorr    .         Harm     .   (no ring)
MR       +....                  (no ring)
Stlth    ++........             (no ring)
HPRegen  0.21/turn              (no ring)
MPRegen  0.12/turn              (no ring)
                                (no ring)
                                (no ring)

@: gold aura
A: almost no armour, stealthy swim, amphibious, 8 rings, constrict 8, camouflage
1, gelatinous body 1
a: Potion Petition, Call Merchant, Bribe Branch, Renounce Religion


You were on level 1 of the Lair of Beasts.
You worshipped Gozag.
Gozag was most pleased with you.
You were not hungry.

You visited 3 branches of the dungeon, and saw 13 of its levels.
You also visited: Sewer.

You collected 1661 gold pieces.
You paid 550 gold pieces to Gozag.

Inventory:

Hand Weapons
 a - a +0 flail
 t - a +2 whip of flaming (weapon)
Armour
 b - a +0 shield (worn)
 s - a +0 hat
 K - a +1 hat of magic resistance (worn)
Magical Staves
 A - an uncursed staff of earth
Jewellery
 v - a +3 amulet of reflection (around mantle)
Wands
 g - a wand of random effects (10)
 x - a wand of acid (12)
Scrolls
 h - 2 scrolls of fog {unknown}
 i - 7 scrolls of teleportation
 j - 3 scrolls of amnesia
 k - 2 scrolls of fear {unknown}
 l - 5 scrolls of remove curse
 n - 2 scrolls of random uselessness {unknown}
 o - a scroll of blinking {unknown}
 w - 2 scrolls of enchant weapon {unknown}
 F - 2 scrolls of immolation {unknown}
 I - 2 scrolls of identify
Potions
 d - a potion of ambrosia {unknown}
 e - a potion of lignification
 f - a potion of invisibility {unknown}
 m - 4 potions of degeneration
 p - 3 potions of haste
 q - 2 potions of brilliance
 r - 3 potions of agility
 z - a potion of mutation {unknown}
 B - 2 potions of might
 C - 5 potions of curing
 D - 3 potions of heal wounds {unknown}
 E - 4 potions of flight
 G - 2 potions of resistance {unknown}
 H - a potion of magic {unknown}
Books
 u - a book of Changes

   Spells                             Type                      Level
   a - Beastly Appendage              Transmutation                1
   b - Sticks to Snakes               Transmutation                2
   c - Spider Form                    Transmutation/Poison         3
   d - Ice Form                       Ice/Transmutation            4
   e - Blade Hands                    Transmutation                5
 y - a book of Frost

   Spells                             Type                      Level
   a - Freeze                         Ice                          1
   b - Throw Frost                    Conjuration/Ice              2
   c - Ozocubu's Armour               Charms/Ice                   3
   d - Throw Icicle                   Conjuration/Ice              4
   e - Summon Ice Beast               Ice/Summoning                4
 J - a book of Callings

   Spells                             Type                      Level
   a - Summon Small Mammal            Summoning                    1
   b - Call Imp                       Summoning                    2
   c - Call Canine Familiar           Summoning                    3
   d - Summon Guardian Golem          Hexes/Summoning              3
   e - Summon Lightning Spire         Summoning/Air                4
   f - Summon Ice Beast               Ice/Summoning                4
Comestibles
 c - 2 rations


   Skills:
 - Level 3.0 Fighting
 - Level 11.4 Maces & Flails
 - Level 3.8 Dodging
 - Level 11.5 Shields
 + Level 2.1 Charms
 + Level 2.1 Ice Magic


You had 7 spell levels left.
You knew the following spells:

 Your Spells              Type           Power        Failure   Level  Hunger
a - Ozocubu's Armour      Chrm/Ice       #.......     52%         3    ####...


Dungeon Overview and Level Annotations

Branches:
Dungeon (11/15)            Temple (1/1) D:6            Lair (1/6) D:10
    Orc: D:9-12

Altars:
Ashenzari
Cheibriados
Dithmenos
Elyvilon
Fedhas
Gozag
Hepliaklqana
Kikubaaqudgha
Makhleb
Nemelex Xobeh
Okawaru
Qazlal
Ru
Sif Muna
Trog
Uskayaw
Vehumet
Wu Jian
Xom
Yredelemnul
Zin
The Shining One
Lugonu

Shops:
D:5 (   D:8 [   D:9 [


Innate Abilities, Weirdness & Mutations

You cannot wear most types of armour.
You are very stealthy in the water. (Stealth+)
You are amphibious.
You can wear up to eight rings at the same time.
You can use your tentacles to constrict eight enemies at once.
Your skin changes colour to match your surroundings (Stealth+).
Your rubbery body absorbs attacks. (AC +1, EV +1)


Message History

You constrict the blink frog. The blink frog hits you.
You hit the blink frog. You burn the blink frog.
The blink frog is heavily wounded.
You constrict the blink frog. You whack the blink frog!
You burn the blink frog.
You kill the blink frog!
Your Charms skill increases to level 2!
Your Ice Magic skill increases to level 2!
You hit the blink frog. You burn the blink frog. You grab the blink frog.
The blink frog is lightly wounded.
You constrict the blink frog, but do no damage.
The blink frog hits you!
* * * LOW HITPOINT WARNING * * *
The blink frog blinks free!
The electric eel shoots out a bolt of lightning at you!
The bolt of electricity hits the plant.
The bolt of electricity hits you!
* * * LOW HITPOINT WARNING * * *
The blink frog hits you!
You die...
Your body crumbles into a pile of gold.

F.l...................P######
......♣♣.........###...# ##
..F.. ♣♣..##....##...>#####.
.F.... ♣♣...#......#...#..###
.§... .♣♣......#.......#....##
....................#......##
§......♣♣......##..####....##
...... ♣♣..F####......#.#.P##
......♣ ♣♣...@................
.......♣♣.$§.P.####...........
...........#.### #.#.#........
#..###...P.#...#####..#..#....
#.######....#...#...##.... ##
#.........###..####.
#...##...<# ##..# #.
#...###.### ..# #. PP##....#
.# #.


You could see a blink frog.

Vanquished Creatures
  Pikel (D:4)
  A komodo dragon (Lair:1)
  A troll (D:9)
  3 blink frogs (Lair:1)
  A hippogriff (D:7)
  Sigmund (D:2)
  A wyvern (D:9)
  A shadow (D:11)
  7 yaks
  A hungry ghost (D:8)
  Menkaure (D:4)
  3 water moccasins
  Edmund (D:4)
  A porcupine (Lair:1)
  An ice beast (D:10)
  A sky beast (D:9)
  A black bear (D:11)
  A slave (D:4)
  3 phantoms
  2 orc warriors
  An eye of draining (D:8)
  2 ogres
  A centaur (D:10)
  2 crocodiles (Lair:1)
  3 big kobolds (Sewer)
  2 bullfrogs
  3 killer bees (D:10)
  2 crimson imps
  3 orc priests
  2 jellies
  3 hounds
  A bullfrog skeleton (D:4)
  A centaur skeleton (D:7)
  Jessica (D:3)
  Ijyb (D:4)
  7 orc wizards
  3 iguanas
  12 worker ants
  3 gnolls (D:2)
  2 howler monkey skeletons
  14 adders
  2 shadow imps
  2 oozes
  An adder zombie (D:6)
  An adder skeleton (D:4)
  4 worms
  2 dart slugs
  5 leopard geckos
  22 orcs
  7 bats
  4 giant cockroaches
  11 goblins
  8 hobgoblins
  5 jackals
  23 kobolds
  3 quokkas
  4 ball pythons
  7 frilled lizards
  A quokka skeleton (D:6)
  A quokka zombie (D:7)
  9 rats
224 creatures vanquished.

Vanquished Creatures (others)
  3 slaves (D:4)
  A scorpion (D:4)
  An iguana (D:4)
  An adder (D:4)
  A kobold (Sewer)
7 creatures vanquished.

Grand Total: 231 creatures vanquished

Notes
Turn   | Place    | Note
-------+----------+-------------------------------------------
     0 | D:1      | inc the Octopode Fighter began the quest for the Orb.
     0 | D:1      | Reached XP level 1. HP: 16/16 MP: 1/1
   171 | D:1      | Reached XP level 2. HP: 21/21 MP: 2/2
   642 | D:1      | Reached XP level 3. HP: 26/26 MP: 3/3
  1212 | D:2      | Reached XP level 4. HP: 16/31 MP: 4/4
  1725 | D:2      | Noticed Sigmund
  2081 | D:2      | Killed Sigmund
  2081 | D:2      | Reached skill level 5 in Shields
  2081 | D:2      | Reached XP level 5. HP: 36/36 MP: 5/5
  2081 | D:2      | Reached XP level 6. HP: 42/42 MP: 6/6
  2551 | D:3      | Reached skill level 5 in Maces & Flails
  2593 | D:3      | Found a burning altar of Makhleb.
  2596 | D:3      | Noticed Jessica
  2597 | D:3      | Found a hide-covered altar of Uskayaw.
  2600 | D:3      | Found a deep blue altar of Sif Muna.
  2603 | D:3      | Killed Jessica
  2604 | D:3      | Found an ornate altar of the Wu Jian Council.
  2605 | D:3      | Found a snail-covered altar of Cheibriados.
  2605 | D:3      | Found a radiant altar of Vehumet.
  2605 | D:3      | Found an opulent altar of Gozag.
  2605 | D:3      | Found a shimmering altar of Xom.
  2605 | D:3      | Found an iron altar of Okawaru.
  2606 | D:3      | Found a hazy altar of Hepliaklqana.
  2608 | D:3      | Found a sparkling altar of Nemelex Xobeh.
  2609 | D:3      | Found a blossoming altar of Fedhas.
  2610 | D:3      | Found a white marble altar of Elyvilon.
  2611 | D:3      | Found a glowing golden altar of the Shining One.
  2614 | D:3      | Became a worshipper of Gozag Ym Sagoz the Greedy
  2984 | D:3      | Found an ancient bone altar of Kikubaaqudgha.
  3062 | D:4      | Noticed Ijyb
  3092 | D:4      | Noticed Pikel
  3092 | D:4      | Noticed a slave
  3092 | D:4      | Noticed a slave
  3092 | D:4      | Noticed a slave
  3092 | D:4      | Noticed a slave
  3101 | D:4      | Killed a slave
  3107 | D:4      | Killed Pikel
  3107 | D:4      | Reached XP level 7. HP: 15/46 MP: 7/7
  3107 | D:4      | Reached XP level 8. HP: 17/52 MP: 8/8
  3336 | D:4      | Noticed Menkaure
  3733 | D:4      | Noticed Edmund
  3750 | D:4      | Killed Edmund
  4091 | D:4      | Killed Menkaure
  4147 | D:4      | Killed Ijyb
  4214 | D:5      | Entered Level 5 of the Dungeon
  4290 | D:5      | Found a glowing drain.
  4300 | Sewer    | Entered a sewer
  4578 | Sewer    | Reached XP level 9. HP: 54/56 MP: 9/9
  5015 | D:5      | Found Goask's Weapon Shop.
  5513 | D:6      | Found a staircase to the Ecumenical Temple.
  5634 | Temple   | Entered the Ecumenical Temple
  5881 | D:6      | Found a sacrificial altar of Ru.
  6948 | D:8      | Found Reluc's Armour Shop.
  7394 | D:8      | Reached skill level 10 in Shields
  7481 | D:8      | Learned a level 3 spell: Ozocubu's Armour
  7647 | D:9      | Reached XP level 10. HP: 44/63 MP: 10/10
  7752 | D:9      | Found Geiruvug's Antique Armour Emporium.
  7793 | D:9      | Reached skill level 10 in Maces & Flails
  7849 | D:9      | HP: 1/63 [yak (12)]
  8827 | D:10     | Entered Level 10 of the Dungeon
  9267 | D:10     | Found a staircase to the Lair.
 10638 | Lair:1   | Entered Level 1 of the Lair of Beasts
 10750 | Lair:1   | HP: 2/63 [porcupine's spines (12)]
 11416 | Lair:1   | Reached skill level 1 in Charms
 11416 | Lair:1   | Reached skill level 1 in Ice Magic
 11416 | Lair:1   | Reached XP level 11. HP: 39/67 MP: 11/11
 11435 | Lair:1   | Slain by a blink frog

Skill      XL: |  1  2  3  4  5  6  7  8  9 10 11 |
---------------+----------------------------------+-----
Maces & Flails | 3 4 6 8 9 11 | 11.4
Shields        | 4 5 6 8 10 11 | 11.5
Charms         | 1 2 |  2.1
Ice Magic      | 1 2 |  2.1
Fighting       | |  3.0
Dodging        | |  3.8

Action                   |  1- 3 |  4- 6 |  7- 9 | 10-12 || total
-------------------------+-------+-------+-------+-------++-------
Melee: Flail             |    67 |    95 |       |       ||   162
       Constrict         |    22 |    24 |    66 |    19 ||   131
       Tentacles         |    15 |    16 |    60 |    51 ||   142
       Whip              |       |       |   378 |   245 ||   623
Invok: Potion Petition   |       |       |       |     2 ||     2
  Use: Potion            |       |     2 |     1 |     3 ||     6
       Scroll            |       |       |     6 |     5 ||    11
 Stab: Sleeping          |     8 |     6 |    12 |     4 ||    30
       Distracted        |     1 |       |       |     2 ||     3
  Eat: Chunk             |       |     5 |       |       ||     5
       Ration            |       |     2 |     5 |     4 ||    11
Armor: Skin              |     4 |     3 |     6 |     5 ||    18
Dodge: Dodged            |    28 |    45 |    66 |    42 ||   181
Block: Shield            |    31 |    45 |   155 |    90 ||   321
       Reflection        |       |       |    11 |     1 ||    12
